 Dungeon Crawl Stone Soup version 0.20.1-1-g8b1a95d (webtiles) character file.

313234 vineage the Hoplite (level 21, -4/148 HPs)
             Began as a Gargoyle Fighter on Oct 1, 2017.
             Was the Champion of Okawaru.
             Killed by divine providence
             ... invoked by Saint Roka
              (12 damage)
             ... on level 3 of the Vaults on Oct 2, 2017.
             The game lasted 01:51:55 (44032 turns).

vineage the Hoplite (Gargoyle Fighter)             Turns: 44032, Time: 01:51:55

Health: -4/148     AC: 48    Str: 30 (32) XL:     21   Next: 32%
Magic:  17/19      EV: 20    Int: 13 (14) God:    Okawaru [******]
Gold:   2981       SH: 20    Dex: 19      Spells: 20/20 levels left

rFire    . . .     SeeInvis .   q - +8 whip "Snakebite" {curare, rPois}
rCold    + . .     Gourm    .   o - +0 shield "Hyiwor" {rC+ Slay+4}
rNeg     + + .     Faith    .   w - +1 crystal plate armour "Trusted Companion" {rPois Str+2}
rPois    ∞         Spirit   .   e - +2 hat of Too Many Cooks {Int+4}
rElec    +         Reflect  .   W - +2 cloak {MR+}
rCorr    .         Harm     .   P - +0 pair of gloves {archery}
MR       +++++     Clarity  +   a - +2 pair of boots {Stlth+}
Stlth    ..........             Y - amulet of the Four Winds {rN+ MR+++ Clar}
Regen    0.0/turn               A - +4 ring of strength
MPRegen  0.2/turn               d - +5 ring of dexterity

@: about to teleport, heroism, flying
A: big wings, repulsion field 1, thin skeletal structure 1, blurry vision 1,
deformed body, deterioration 2, low mp 1, negative energy resistance 1, robust
1, electricity resistance, inhibited regeneration, unbreathing, petrification
resistance, rot immunity, AC +15
}: 2/15 runes: decaying, gossamer
a: Stop Flying, Heroism, Finesse, Renounce Religion


You were on level 3 of the Vaults.
You worshipped Okawaru.
Okawaru was exalted by your worship.
You were near starving.

You visited 7 branches of the dungeon, and saw 35 of its levels.
You visited the Abyss 1 time.

You collected 3591 gold pieces.
You spent 610 gold pieces at shops.

Inventory:

Hand Weapons
 q - the +8 whip "Snakebite" (weapon) {curare, rPois}
   (You found it on level 8 of the Dungeon)

   It poisons the flesh of those it strikes.
   It protects you from poison.
 S - the +2 long sword of Defiance {antimagic, +Fly rPois Stlth+}
   (You found it on level 12 of the Dungeon)

   It reduces the magical energy of the wielder, and disrupts the spells and
   magical abilities of those hit.
   Natural abilities and divine invocations are not affected.
   It protects you from poison.
   It lets you fly.
   It makes you more stealthy.
Armour
 a - a +2 pair of boots of stealth (worn)
 e - the +2 hat of Too Many Cooks (worn) {Int+4}
   (You acquired it on level 12 of the Dungeon)

   It affects your intelligence (+4).
 o - the +0 shield "Hyiwor" (worn) {rC+ Slay+4}
   (Okawaru gifted it to you on level 2 of the Spider Nest)

   It affects your accuracy and damage with ranged weapons and melee attacks
   (+4).
   It protects you from cold.
 w - the +1 crystal plate armour "Trusted Companion" (worn) {rPois Str+2}
   (Okawaru gifted it to you on level 4 of the Spider Nest)

   It affects your strength (+2).
   It protects you from poison.
 F - a scarf of cloud immunity
 P - a +0 pair of gloves of archery (worn)
 W - a +2 cloak of magic resistance (worn)
 X - the +2 pair of boots "Ubanlimept" {rN+}
   (Okawaru gifted it to you on level 2 of the Orcish Mines)

   It protects you from negative energy.
 Z - the +7 leather armour of Mijam {rC+ MR+}
   (You found it on level 2 of the Lair of Beasts)

   It protects you from cold.
   It affects your resistance to hostile enchantments.
Jewellery
 d - a +5 ring of dexterity (right hand)
 m - a +5 ring of intelligence {unknown}
 x - an uncursed ring of protection from cold
 A - a +4 ring of strength (left hand)
 B - the amulet "Meideng" {Reflect +Fly SH+2}
   (You bought it in a shop on level 2 of the Orcish Mines)

   [amulet of reflection]

   It shields you and reflects attacks.
   It lets you fly.
   It affects your SH (+2).
 O - a cursed amulet of inaccuracy
 Y - the amulet of the Four Winds (around neck) {rN+ MR+++ Clar}
   (You found it on level 2 of the Swamp)

   [amulet of nothing]

   It protects you from negative energy.
   It affects your resistance to hostile enchantments.
   It protects you against confusion.
Wands
 i - a wand of digging (12/24)
 l - a wand of paralysis (14/24)
 v - a wand of enslavement (2/24)
 E - a wand of random effects (27/48)
 I - a wand of iceblast (14/15)
 J - a wand of digging (5/24)
 L - a wand of digging (8/24)
 M - a wand of polymorph (11/24)
Scrolls
 h - 8 scrolls of remove curse
 j - 6 scrolls of teleportation
 n - 4 scrolls of magic mapping
 r - 4 scrolls of recharging
 t - 4 scrolls of identify
 y - 6 scrolls of amnesia
 z - a scroll of fog
 Q - a scroll of holy word
 U - a scroll of fear
Potions
 p - 2 potions of magic
 C - 6 potions of brilliance
 K - a potion of agility
 R - 5 potions of invisibility
 T - a potion of ambrosia
Books
 N - a book of the Dragon

   Spells                             Type                      Level
   a - Flame Tongue                   Conjuration/Fire             1
   b - Cause Fear                     Hexes                        4
   c - Bolt of Fire                   Conjuration/Fire             6
   d - Dragon Form                    Transmutation                7
   e - Dragon's Call                  Summoning                    9
Miscellaneous
 D - a lightning rod (4/4)
 G - a lightning rod (4/4)
 V - a crystal ball of energy
Comestibles
 f - 21 bread rations
 g - 13 meat rations
 k - 2 royal jellies


   Skills:
 + Level 15.5(20.5) Fighting
 * Level 18.0(23.0) Maces & Flails
 * Level 16.1(21.1) Armour
 + Level 11.2(16.2) Dodging
 - Level 4.6(9.6) Stealth
 + Level 22.4(27) Shields
 - Level 1.0 Invocations
 + Level 0.1 Evocations


You had 20 spell levels left.
You didn't know any spells.

Dungeon Overview and Level Annotations

Branches:
Dungeon (15/15)            Temple (1/1) D:6            Lair (6/6) D:11
  Swamp (4/4) Lair:4       Spider (4/4) Lair:4        Slime (0/5) Lair:5
    Orc (2/2) D:11            Elf (0/3) Orc:2        Vaults (3/5) D:14
  Crypt (0/3) Vaults:3     Depths (0/5) D:15

Altars:
Ashenzari
Fedhas
Hepliaklqana
Kikubaaqudgha
Makhleb
Nemelex Xobeh
Okawaru
Qazlal
Ru
Trog
Uskayaw
Vehumet
Xom
Yredelemnul
Zin
The Shining One
Beogh
Jiyva

Shops:
D:13 =   Orc:2 =%:%   Vaults:3 (

Portals:
Trove: D:13 (give 16 scrolls of teleportation)

Annotations:
Vaults:3 Saint Roka


Innate Abilities, Weirdness & Mutations

You are resistant to torment.
Your stone body is resilient. (AC +15)
You are immune to poison.
Your large and strong wings let you fly indefinitely.
You resist negative energy. (rN+)
You are resistant to electric shocks. (rElec)
You can survive without breathing.
You are immune to petrification.
You are immune to rotting.
You are surrounded by a mild repulsion field. (EV +2)
You have a somewhat thin skeletal structure. (Dex +2, Stealth)
Scrolls take you a little longer to read.
Armour fits poorly on your strangely shaped body.
Your body often deteriorates upon taking damage.
Your magical capacity is low. (-10% MP)
You are robust. (+10% HP)
You do not regenerate when monsters are visible.


Message History

The orc hits you but does no damage.
The orc warrior hits you but does no damage.
The ironbrand convoker hits you but does no damage.
You block the sphinx's attack. The sphinx barely misses you.
You block the sphinx's attack. The deep troll misses you.
The deep troll claws you!
* * * LOW HITPOINT WARNING * * *
The deep troll claws you but does no damage.
Saint Roka says, "In the orcish mines, orcs kill the likes of YOU!"
As you read the scroll of teleportation, it crumbles to dust.
You feel strangely unstable.
You gain the combat prowess of a mighty hero.
You block the orc's attack. You block the orc warrior's attack.
You block the ironbrand convoker's attack.
The deep troll completely misses you. The deep troll misses you.
The deep troll claws you!
* * * LOW HITPOINT WARNING * * *
Saint Roka invokes the aid of Beogh against you.
Beogh smites you!
You die...

#....#.∩......##..##.##..##....
#..<.#........# ##.....# #....
#....#........# ###'######'###
#....#........# #...........#
#....#........# #)8.#####.8.#
#....########## #...#...#...#
#..... #T###...###.#
############.#.......#.#
.....op@)..#.#._.>._.#.#
.....coTH..#.#.......#.#
......oo...'.###.)†# #
...........#...#...# .#
...........#.8.##'##.8.#
...........#....[......#
'####################### ....
....


You could see Saint Roka, a sphinx, a yaktaur captain, a deep troll, an
ironbrand convoker, an orc warrior and 2 orcs.

Vanquished Creatures
  Arachne (Spider:2)
  A tentacled monstrosity (Vaults:3)
  A titan (Vaults:3)
  The ghost of dxctxrx the Warrior, an adept GrFE of Vehumet (Swamp:4)
  The ghost of Somber the Warrior, an adept DrBe of Trog (Spider:3)
  A sphinx (Vaults:3)
  A tentacled starspawn (Abyss:2)
  6 thorn hunters
  Agnes (D:14)
  2 tengu reavers (Vaults:3)
  The ghost of vatarom the Severer, an adept DDFi of Makhleb (Spider:3)
  A frost giant (Vaults:3)
  Louise (D:14)
  2 fire giants (Vaults:3)
  5 emperor scorpions
  3 ghost moths (Spider:4)
  9 vault wardens
  9 ironheart preservers
  4 entropy weavers
  The ghost of DrClinical the Quickloader, a journeyman MiBe of Trog (Lair:3)
  4 stone giants (Vaults:3)
  Nessos (D:14)
  5 spark wasps
  Azrael (Spider:2)
  3 ettins
  2 fire dragons
  Josephine (D:15)
  9 ogre magi
  The ghost of Mesmaeker13 the Spear-Bearer, a journeyman MfSk of Hepliaklqana (Lair:4)
  3 great orbs of eyes
  3 yaktaur captains
  3 ice dragons
  A ghost crab (Swamp:3)
  A death knight (Vaults:1)
  21 vault guards
  25 hydras
  A catoblepas (Lair:3)
  4 rakshasas
  38 two-headed ogres
  The ghost of ThereIsNoGod the Grappler, a novice TrFi of Makhleb (D:10)
  7 centaur warriors
  A tengu warrior (D:14)
  4 hell hogs (Abyss:2)
  A deep troll earth mage (Vaults:2)
  16 alligators
  A queen ant (shapeshifter) (D:15)
  A wretched star (Abyss:2)
  A spatial maelstrom (Abyss:2)
  A shadow wraith (Vaults:2)
  4 spriggan druids
  6 unseen horrors
  A glowing orange brain (Vaults:1)
  2 hell knights (Vaults:3)
  A death drake (Abyss:2)
  2 starcursed masses (Abyss:2)
  13 deep trolls
  7 swamp dragons (Swamp:4)
  3 wizards
  4 shambling mangroves
  4 deep elf archers (Vaults:3)
  A harpy (shapeshifter) (D:15)
  10 ironbrand convokers
  7 deep elf magi
  An orc knight (Vaults:1)
  31 ugly things
  18 orb spiders
  24 wolf spiders
  An orb spider (shapeshifter) (D:15)
  10 harpies
  An orc sorcerer (Orc:1)
  3 large abominations
  2 oklob plants (Swamp:3)
  2 moths of wrath
  4 cyclopes
  Joseph (D:7)
  7 elephants
  A salamander (shapeshifter) (Vaults:2)
  2 apocalypse crabs (Abyss:2)
  15 vault sentinels
  4 black mambas
  A smoke demon (Abyss:2)
  2 guardian serpents (shapeshifter)
  18 spiny frogs
  3 gargoyles
  23 yaktaurs
  4 freezing wraiths
  4 rime drakes
  2 efreet
  A rime drake (shapeshifter) (Vaults:3)
  12 demonic crawlers
  2 hellwings (Abyss:2)
  An ancient zyme (Abyss:2)
  8 komodo dragons
  2 trolls
  A meliai (shapeshifter) (Vaults:1)
  27 jumping spiders
  6 tyrant leeches
  9 polar bears
  A polar bear (shapeshifter) (D:12)
  29 hornets
  26 slime creatures
  21 blink frogs
  3 hippogriffs
  9 bog bodies
  A dream sheep (Lair:6)
  A blink frog (shapeshifter) (Vaults:1)
  60 redbacks
  A fire giant simulacrum (Vaults:3)
  2 spriggans (shapeshifter) (Vaults:1)
  A centaur simulacrum (D:14)
  4 shadows
  A hog (shapeshifter) (D:13)
  A ynoxinul (Abyss:2)
  24 spriggans
  24 tarantellas
  49 yaks
  5 wraiths
  A fire elemental (Spider:2)
  7 basilisks
  2 wyverns
  2 hungry ghosts
  Grum (Lair:1)
  A chaos spawn (Abyss:2)
  2 neqoxecs (Abyss:2)
  5 wargs
  24 swamp worms
  28 vampire mosquitoes
  4 soldier ants
  2 acid dragons
  13 water moccasins
  7 insubstantial wisps
  Duvessa (D:5)
  3 hell hounds (Spider:2)
  17 porcupines
  18 swamp drakes
  25 orc warriors
  5 black bears
  An ice beast (D:10)
  3 sky beasts
  5 phantoms
  38 ogres
  9 boggarts
  30 wolves
  15 crocodiles
  14 centaurs
  A big kobold (D:12)
  14 bullfrogs
  A gnoll sergeant (D:8)
  Dowan (D:5)
  3 small abominations (Abyss:2)
  2 wyvern zombies
  A water moccasin zombie (D:7)
  6 scorpions
  10 killer bees
  5 wights (D:10)
  6 howler monkeys
  4 jellies
  2 electric eels
  3 centaur zombies
  3 bullfrog zombies
  6 crimson imps
  22 orc priests
  4 hounds
  An iron imp (Abyss:2)
  2 centaur skeletons
  Ijyb (D:5)
  Terence (D:2)
  5 iguanas
  12 orc wizards
  12 worker ants
  A hound skeleton (D:4)
  A howler monkey zombie (D:10)
  6 gnolls
  A howler monkey skeleton (D:9)
  14 adders
  3 shadow imps
  An ooze (D:2)
  An adder skeleton (D:7)
  3 worms
  2 dart slugs
  4 leopard geckos
  84 orcs
  An orc (shapeshifter) (D:15)
  8 bats
  4 giant cockroaches
  11 goblins
  5 hobgoblins
  10 jackals
  8 kobolds
  5 quokkas
  2 ball pythons
  8 frilled lizards
  10 rats
  A plant (Swamp:3)
1399 creatures vanquished.

Vanquished Creatures (others)
  Margery (Vaults:3)
  A centaur warrior (Vaults:1)
  A deep elf archer (Vaults:3)
  6 yaktaurs
  A redback (Spider:2)
  A hell hound (Spider:2)
  A centaur (D:13)
  An orc wizard (Vaults:3)
  17 fungi
  9 plants
  2 starspawn tentacles (Abyss:2)
41 creatures vanquished.

Grand Total: 1440 creatures vanquished

Notes
Turn   | Place    | Note
-------+----------+-------------------------------------------
     0 | D:1      | vineage the Gargoyle Fighter began the quest for the Orb.
     0 | D:1      | Reached XP level 1. HP: 14/14 MP: 1/1
    99 | D:1      | Reached XP level 2. HP: 19/19 MP: 2/2
   613 | D:2      | Reached skill level 1 in Dodging
   613 | D:2      | Reached XP level 3. HP: 2/23 MP: 3/3
   613 | D:2      | HP: 1/23 [dart slug (1)]
  1279 | D:2      | Found a bloodstained altar of Trog.
  1356 | D:2      | Noticed Terence
  1378 | D:2      | Killed Terence
  1378 | D:2      | Reached XP level 4. HP: 13/28 MP: 4/4
  1915 | D:3      | Reached skill level 4 in Shields
  1980 | D:3      | Reached XP level 5. HP: 23/33 MP: 5/5
  2847 | D:3      | Reached XP level 6. HP: 29/38 MP: 6/6
  2938 | D:4      | Noticed a phantom
  2991 | D:4      | Killed a phantom
  3194 | D:4      | Reached skill level 5 in Shields
  3279 | D:4      | Reached XP level 7. HP: 42/43 MP: 7/7
  3435 | D:4      | Found a stormy altar of Qazlal.
  3591 | D:5      | Entered Level 5 of the Dungeon
  3591 | D:5      | Noticed Duvessa
  3591 | D:5      | Noticed Dowan
  3607 | D:5      | Killed Duvessa
  3631 | D:5      | Killed Dowan
  3631 | D:5      | Reached skill level 5 in Maces & Flails
  3787 | D:5      | Noticed Ijyb
  3813 | D:5      | Killed Ijyb
  3859 | D:5      | Found a radiant altar of Vehumet.
  3923 | D:5      | Found a shattered altar of Ashenzari.
  3949 | D:5      | Reached XP level 8. HP: 47/48 MP: 8/8
  4032 | D:5      | Got an emerald-studded ring mail
  4053 | D:5      | Reached skill level 6 in Shields
  4064 | D:5      | Identified the +1 ring mail of the Gloaming {rC++ MR+} (You found it on level 5 of the Dungeon)
  4223 | D:5      | Reached skill level 5 in Fighting
  4496 | D:6      | Found an ancient bone altar of Kikubaaqudgha.
  4497 | D:6      | Found a blossoming altar of Fedhas.
  4582 | D:6      | Reached skill level 1 in Stealth
  4772 | D:6      | Found a staircase to the Ecumenical Temple.
  4779 | Temple   | Entered the Ecumenical Temple
  4785 | Temple   | Became a worshipper of Warmaster Okawaru
  5572 | D:7      | Reached XP level 9. HP: 54/54 MP: 9/9
  5773 | D:7      | Noticed Joseph
  5787 | D:7      | Killed Joseph
  5787 | D:7      | Reached * piety under Okawaru
  5787 | D:7      | Reached skill level 7 in Shields
  5915 | D:8      | Noticed a two-headed ogre
  5929 | D:8      | Killed a two-headed ogre
  5929 | D:8      | Reached ** piety under Okawaru
  5929 | D:8      | Reached skill level 5 in Armour
  6050 | D:8      | Noticed a hornet
  6062 | D:8      | Killed a hornet
  6065 | D:8      | Reached skill level 8 in Shields
  6132 | D:8      | Reached XP level 10. HP: 55/60 MP: 10/10
  6299 | D:8      | Found a roughly hewn altar of Beogh.
  6675 | D:8      | Noticed a two-headed ogre
  6688 | D:8      | Killed a two-headed ogre
  6688 | D:8      | Reached *** piety under Okawaru
  6843 | D:8      | Noticed a centaur warrior
  6851 | D:8      | Reached skill level 10 in Maces & Flails
  6881 | D:8      | Killed a centaur warrior
  6881 | D:8      | Reached skill level 9 in Shields
  6882 | D:8      | Reached **** piety under Okawaru
  7172 | D:8      | Noticed a two-headed ogre
  7185 | D:8      | Killed a two-headed ogre
  7486 | D:9      | Reached XP level 11. HP: 63/67 MP: 11/11
  7545 | D:9      | Noticed a two-headed ogre
  7553 | D:9      | Killed a two-headed ogre
  7553 | D:9      | Reached ***** piety under Okawaru
  7837 | D:9      | Found a sparkling altar of Nemelex Xobeh.
  7959 | D:9      | Found a basalt altar of Yredelemnul.
  7982 | D:9      | Reached skill level 5 in Dodging
  8190 | D:10     | Entered Level 10 of the Dungeon
  8215 | D:10     | Noticed ThereIsNoGod's ghost (novice TrFi)
  8251 | D:10     | Received a gift from Okawaru
  8291 | D:10     | HP: 1/67 [ThereIsNoGod's ghost (23)]
  8300 | D:10     | Killed ThereIsNoGod's ghost
  8638 | D:10     | Reached skill level 10 in Shields
  8663 | D:10     | Noticed a two-headed ogre
  8668 | D:10     | Killed a two-headed ogre
  9440 | D:11     | Noticed a brown ugly thing
  9450 | D:11     | Killed a brown ugly thing
  9451 | D:11     | Found a staircase to the Orcish Mines.
  9659 | D:11     | Found a staircase to the Lair.
  9689 | D:11     | Received a gift from Okawaru
  9839 | D:11     | Reached XP level 12. HP: 72/74 MP: 12/12
  9933 | D:11     | Reached skill level 11 in Shields
 10202 | Orc:1    | Entered Level 1 of the Orcish Mines
 10397 | Orc:2    | Entered Level 2 of the Orcish Mines
 10985 | Orc:2    | Found a staircase to the Elven Halls.
 10985 | Orc:2    | Noticed a two-headed ogre
 10993 | Orc:2    | Killed a two-headed ogre
 11191 | Orc:2    | Noticed a two-headed ogre
 11191 | Orc:2    | Noticed a two-headed ogre
 11191 | Orc:2    | Noticed a two-headed ogre
 11191 | Orc:2    | Noticed a two-headed ogre
 11192 | Orc:2    | Noticed a two-headed ogre
 11237 | Orc:2    | Killed a two-headed ogre
 11241 | Orc:2    | Killed a two-headed ogre
 11272 | Orc:2    | Killed a two-headed ogre
 11272 | Orc:2    | Received a gift from Okawaru
 11306 | Orc:2    | Noticed an ogre mage
 11309 | Orc:2    | Noticed a two-headed ogre
 11313 | Orc:2    | Killed a two-headed ogre
 11313 | Orc:2    | Received a gift from Okawaru
 11313 | Orc:2    | Reached skill level 12 in Shields
 11320 | Orc:2    | Killed an ogre mage
 11327 | Orc:2    | Killed a two-headed ogre
 11328 | Orc:2    | Noticed a two-headed ogre
 11331 | Orc:2    | Got a pair of ichor-stained boots {god gift}
 11345 | Orc:2    | Killed a two-headed ogre
 11354 | Orc:2    | Noticed a two-headed ogre
 11358 | Orc:2    | Killed a two-headed ogre
 11358 | Orc:2    | Reached ****** piety under Okawaru
 11361 | Orc:2    | Reached XP level 13. HP: 74/80 MP: 11/13
 11444 | Orc:2    | Reached skill level 13 in Shields
 11688 | Orc:2    | Identified the +2 pair of boots "Ubanlimept" {rN+} (Okawaru gifted it to you on level 2 of the Orcish Mines)
 11824 | Orc:2    | Found Sucoimao's Food Boutique.
 11824 | Orc:2    | Found Ymomoaq's Food Emporium.
 11825 | Orc:2    | Found Coiqoqar's Jewellery Shoppe.
 11825 | Orc:2    | Found Biagh's Book Boutique.
 11847 | Orc:2    | Received a gift from Okawaru
 11847 | Orc:2    | Reached skill level 10 in Fighting
 11876 | Orc:2    | Bought a +4 ring of strength for 378 gold pieces
 11876 | Orc:2    | Bought the amulet "Meideng" {Reflect +Fly SH+2} for 232 gold pieces
 12156 | Orc:1    | Reached skill level 1 in Invocations
 12192 | Lair:1   | Entered Level 1 of the Lair of Beasts
 12544 | Lair:1   | Noticed Grum
 12559 | Lair:1   | Killed Grum
 13333 | Lair:2   | Got a scorched leather armour
 13346 | Lair:2   | Identified the +7 leather armour of Mijam {rC+ MR+} (You found it on level 2 of the Lair of Beasts)
 13668 | Lair:3   | Gained mutation: You have a somewhat thin skeletal structure. (Dex +2, Stealth) [potion of mutation]
 13668 | Lair:3   | Gained mutation: Potions are less effective at restoring your health. [potion of mutation]
 13668 | Lair:3   | Gained mutation: You are surrounded by a mild repulsion field. (EV +2) [potion of mutation]
 13669 | Lair:3   | Lost mutation: Potions are less effective at restoring your health. [potion of mutation]
 13669 | Lair:3   | Lost mutation: You are surrounded by a mild repulsion field. (EV +2) [potion of mutation]
 13669 | Lair:3   | Gained mutation: You are robust. (+10% HP) [potion of mutation]
 13669 | Lair:3   | Gained mutation: You are surrounded by a mild repulsion field. (EV +2) [potion of mutation]
 13825 | Lair:3   | Noticed DrClinical's ghost (journeyman MiBe)
 13842 | Lair:3   | Reached skill level 14 in Shields
 13858 | Lair:3   | Gained mutation: Your large and strong wings let you fly indefinitely. [Gargoyle growth]
 13858 | Lair:3   | Reached XP level 14. HP: 88/96 MP: 14/14
 13898 | Lair:3   | Killed DrClinical's ghost
 14025 | Lair:3   | Received a gift from Okawaru
 14530 | Lair:4   | Found a staircase to the Swamp.
 14672 | Lair:4   | Noticed Mesmaeker13's ghost (journeyman MfSk)
 14728 | Lair:4   | Killed Mesmaeker13's ghost
 14756 | Lair:4   | Found a hole to the Spider Nest.
 15857 | Lair:5   | Got a steaming rapier
 15861 | Lair:5   | Identified the +4 rapier of the Dwarven Hall {drain, Int+3} (You found it on level 5 of the Lair of Beasts)
 16015 | Lair:5   | Found a viscous altar of Jiyva.
 16015 | Lair:5   | Found a staircase to the Slime Pits.
 16236 | Lair:6   | Entered Level 6 of the Lair of Beasts
 16358 | Lair:6   | Received a gift from Okawaru
 16512 | Lair:6   | Reached skill level 15 in Shields
 16897 | Lair:6   | Reached XP level 15. HP: 87/104 MP: 15/15
 16950 | Lair:6   | Reached skill level 10 in Armour
 17262 | Lair:6   | Received a gift from Okawaru
 18189 | D:12     | Got a brightly glowing long sword
 18190 | D:12     | Identified the +2 long sword of Defiance {antimagic, +Fly rPois Stlth+} (You found it on level 12 of the Dungeon)
 18192 | D:12     | Identified a scroll of acquirement
 18195 | D:12     | Got an ancient hat
 18206 | D:12     | Identified the +2 hat of Too Many Cooks {Int+4} (You acquired it on level 12 of the Dungeon)
 19276 | D:13     | Found a portal to a secret trove of treasure.
 19338 | D:13     | Received a gift from Okawaru
 19394 | D:13     | Got a slimy hat {god gift}
 19405 | D:13     | Identified the +1 hat of Shadows and Fog {Int+4} (Okawaru gifted it to you on level 13 of the Dungeon)
 19463 | D:13     | Found Raogh's Jewellery Shop.
 19642 | D:14     | Reached skill level 16 in Shields
 19938 | D:14     | Found a gate to the Vaults.
 20111 | D:14     | Noticed Agnes
 20114 | D:14     | Noticed Louise
 20131 | D:14     | Killed Agnes
 20152 | D:14     | Killed Louise
 20588 | D:14     | Reached XP level 16. HP: 111/111 MP: 16/16
 20594 | D:14     | Noticed Nessos
 20609 | D:14     | Killed Nessos
 21226 | D:15     | Entered Level 15 of the Dungeon
 21291 | D:15     | Received a gift from Okawaru
 21943 | D:15     | Noticed Josephine
 21953 | D:15     | Killed Josephine
 22024 | D:15     | Found a staircase to the Depths.
 22386 | Swamp:1  | Entered Level 1 of the Swamp
 22746 | Swamp:1  | Reached skill level 17 in Shields
 23991 | Swamp:3  | Received a gift from Okawaru
 24653 | Swamp:3  | HP: 4/113 [hornet[a shambling mangrove] (11)]
 24663 | Swamp:3  | Noticed a thorn hunter
 24687 | Swamp:3  | Killed a thorn hunter
 25090 | Swamp:3  | Noticed a thorn hunter
 25109 | Swamp:3  | Killed a thorn hunter
 25175 | Swamp:3  | Reached XP level 17. HP: 118/118 MP: 17/17
 25269 | Swamp:3  | Received a gift from Okawaru
 25282 | Swamp:3  | Reached skill level 10 in Dodging
 25446 | Swamp:3  | Reached skill level 15 in Maces & Flails
 26243 | Swamp:4  | Entered Level 4 of the Swamp
 26275 | Swamp:4  | Reached skill level 18 in Shields
 26288 | Swamp:4  | Noticed dxctxrx's ghost (adept GrFE)
 26312 | Swamp:4  | HP: 5/118 [spriggan druid/quarterstaff (3)]
 27719 | Swamp:4  | Killed dxctxrx's ghost
 27719 | Swamp:4  | Received a gift from Okawaru
 27891 | Swamp:4  | HP: 4/119 [seven-headed hydra (5)]
 28812 | Swamp:4  | Got an ancient leather armour
 28853 | Swamp:4  | Identified the cursed +0 leather armour of Kojaqoaq {rN++ Int+3 Stlth+} (You took it off a spriggan on level 4 of the Swamp)
 28935 | Swamp:4  | Got a decaying rune of Zot
 29763 | Spider:1 | Entered Level 1 of the Spider Nest
 29785 | Spider:1 | Got a faintly glowing ring mail
 29796 | Spider:1 | Identified the +5 ring mail "Kiah Zih" {+Blink rPois} (You found it on level 1 of the Spider Nest)
 29955 | Spider:1 | Reached XP level 18. HP: 111/125 MP: 18/18
 30502 | Spider:2 | Received a gift from Okawaru
 30502 | Spider:2 | Reached skill level 19 in Shields
 30505 | Spider:2 | Got a fine shield {god gift}
 30516 | Spider:2 | Identified the +0 shield "Hyiwor" {rC+ Slay+4} (Okawaru gifted it to you on level 2 of the Spider Nest)
 30768 | Spider:2 | Noticed Azrael
 30791 | Spider:2 | Killed Azrael
 31346 | Spider:2 | Noticed Arachne
 31384 | Spider:2 | Killed Arachne
 32168 | Spider:3 | Noticed Somber's ghost (adept DrBe)
 32255 | Spider:3 | HP: 5/127 [Somber's ghost (16)]
 32258 | Spider:3 | Killed Somber's ghost
 32956 | Spider:3 | Noticed vatarom's ghost (adept DDFi)
 33048 | Spider:3 | Killed vatarom's ghost
 33449 | Spider:4 | Entered Level 4 of the Spider Nest
 33739 | Spider:4 | Received a gift from Okawaru
 33759 | Spider:4 | Got a jewelled crystal plate armour {god gift}
 33770 | Spider:4 | Identified the +1 crystal plate armour "Trusted Companion" {rPois Str+2} (Okawaru gifted it to you on level 4 of the Spider Nest)
 34215 | Spider:4 | Reached skill level 20 in Shields
 34434 | Spider:4 | Reached XP level 19. HP: 132/132 MP: 19/19
 34891 | Spider:4 | Got a gossamer rune of Zot
 35411 | Vaults:1 | Entered Level 1 of the Vaults
 36116 | Vaults:1 | Received a gift from Okawaru
 37817 | Vaults:2 | Got an ancient chain mail
 37818 | Vaults:2 | Identified the +3 chain mail of the Wasteland {Str+3 Int+5 Dex-5} (You found it on level 2 of the Vaults)
 37919 | Vaults:2 | Received a gift from Okawaru
 38111 | Vaults:2 | Reached skill level 21 in Shields
 38155 | Vaults:2 | Reached skill level 15 in Armour
 38354 | Vaults:2 | Cast into level 2 of the Abyss (ironbrand convoker)
 38382 | Abyss:2  | Reached XP level 20. HP: 115/140 MP: 20/20
 38482 | Abyss:2  | Gained mutation: Your body sometimes deteriorates upon taking damage. [a neqoxec]
 38488 | Abyss:2  | Gained mutation: You do not regenerate when monsters are visible. [a neqoxec]
 38494 | Abyss:2  | Gained mutation: Your magical capacity is low. (-10% MP) [a neqoxec]
 38500 | Abyss:2  | Gained mutation: Scrolls take you a little longer to read. [a neqoxec]
 38534 | Abyss:2  | Gained mutation: Your body often deteriorates upon taking damage. [a neqoxec]
 38541 | Abyss:2  | Gained mutation: Armour fits poorly on your strangely shaped body. [a neqoxec]
 38907 | Vaults:2 | Escaped the Abyss
 40461 | Vaults:3 | Received a gift from Okawaru
 40702 | Vaults:3 | Reached skill level 15 in Fighting
 42170 | Vaults:3 | Reached skill level 22 in Shields
 42221 | Vaults:3 | HP: 6/141 [stone giant (24)]
 42292 | Vaults:3 | Reached XP level 21. HP: 14/147 MP: 19/19
 42883 | Vaults:3 | Noticed Margery
 42923 | Vaults:3 | Killed Margery
 43454 | Vaults:3 | Received a gift from Okawaru
 43876 | Vaults:3 | Found Savaigam's Weapon Shoppe.
 43968 | Vaults:3 | Found a staircase to the Crypt.
 43968 | Vaults:3 | Found an ancient bone altar of Kikubaaqudgha.
 43969 | Vaults:3 | Found a basalt altar of Yredelemnul.
 44021 | Vaults:3 | Noticed Saint Roka
 44032 | Vaults:3 | Killed from afar by Saint Roka

Skill      XL: |  1  2  3  4  5  6  7  8  9 10 11 12 13 14 15 16 17 18 19 20 21 |
---------------+----------------------------------------------------------------+-----
Dodging        | 1 2 3 4 5 6 7 8 9 10 11 | 11.2
Maces & Flails | 3 4 5 7 9 10 11 12 13 14 15 16 17 18 | 18.0
Shields        | 4 5 6 8 9 10 12 14 15 16 17 18 20 21 22 | 22.4
Fighting       | 4 5 6 7 8 9 10 11 12 13 14 15 | 15.5
Armour         | 4 5 6 7 8 9 11 12 13 14 15 16 | 16.1
Stealth        | 1 2 3 4 |  4.6
Invocations    | 1 |  1.0
Evocations     | |  0.1

Action                   |  1- 3 |  4- 6 |  7- 9 | 10-12 | 13-15 | 16-18 | 19-21 || total
-------------------------+-------+-------+-------+-------+-------+-------+-------++-------
Melee: Flail             |   180 |   118 |       |       |       |       |       ||   298
       Morningstar       |       |   108 |   321 |   142 |       |       |       ||   571
       Whip              |       |       |       |   611 |  1900 |  2730 |  1920 ||  7161
Invok: Heroism           |       |       |       |     3 |     3 |     9 |     8 ||    23
       Finesse           |       |       |       |       |       |     2 |     2 ||     4
 Abil: Evoke Flight      |       |       |       |       |     1 |       |       ||     1
       Fly               |       |       |       |       |     1 |       |       ||     1
  Use: Potion            |     6 |     2 |     3 |    14 |     6 |     7 |     7 ||    45
       Scroll            |     6 |     6 |       |    10 |     9 |    23 |    12 ||    66
 Stab: Distracted        |       |     1 |       |       |     2 |     4 |     1 ||     8
       Sleeping          |       |       |       |     4 |    22 |    14 |       ||    40
       Confused          |       |       |       |       |       |     1 |       ||     1
  Eat: Chunk             |     1 |     7 |    10 |    12 |    29 |    24 |     7 ||    90
       Royal jelly       |       |       |       |     2 |     2 |     8 |     3 ||    15
       Bread ration      |       |       |       |       |       |     1 |     3 ||     4
       Meat ration       |       |       |       |       |       |       |     1 ||     1
Armor: Scale mail        |    95 |       |       |       |       |       |       ||    95
       Leather armour    |    50 |   126 |    50 |       |   240 |   630 |       ||  1096
       Skin              |       |    19 |       |     4 |       |       |       ||    23
       Ring mail         |       |       |    81 |   114 |    21 |       |       ||   216
       Crystal plate arm |       |       |       |       |       |    95 |   618 ||   713
Dodge: Dodged            |   114 |   107 |   115 |   206 |   484 |  1132 |   644 ||  2802
Block: Shield            |   127 |   164 |   195 |   405 |  1069 |   699 |  1449 ||  4108
       Reflection        |       |       |       |     7 |    27 |    28 |    83 ||   145
       Large shield      |       |       |       |       |    78 |  1851 |       ||  1929
